 Dungeon Crawl Stone Soup version 0.21.0-3-g78d12a8 (webtiles) character file.

170 pkoi the Ruffian (level 5, -3/32 HPs)
             Began as a Gargoyle Monk on Jan 11, 2018.
             Slain by a worm (8 damage)
             ... on level 4 of the Dungeon.
             The game lasted 00:05:23 (2909 turns).

pkoi the Ruffian (Gargoyle Monk)                    Turns: 2909, Time: 00:05:23

Health: -3/32      AC:  7    Str: 14    XL:     5   Next: 51%
Magic:  5/5        EV: 12    Int: 14    God:
Gold:   174        SH:  0    Dex: 12    Spells: 4/4 levels left

rFire    . . .     SeeInvis .     - Unarmed
rCold    . . .     Gourm    .   (no shield)
rNeg     + . .     Faith    .   a - +1 robe
rPois    ∞         Spirit   .   (no helmet)
rElec    +         Reflect  .   (no cloak)
rCorr    .         Harm     .   (no gloves)
MR       .....                  (no boots)
Stlth    ++........             (no amulet)
HPRegen  0.10/turn              h - +2 ring of intelligence
MPRegen  0.09/turn              (no ring)

@: no status effects
A: negative energy resistance 1, electricity resistance, unbreathing,
petrification resistance, rot immunity, AC +4
a: no special abilities


You were on level 4 of the Dungeon.
You were very hungry.

You visited 1 branch of the dungeon, and saw 4 of its levels.

You collected 174 gold pieces.

Inventory:

Armour
 a - a +1 robe (worn)
Jewellery
 h - a +2 ring of intelligence (left hand)
Scrolls
 c - a scroll of amnesia
Books
 i - a book of Cantrips

   Spells                             Type                      Level
   a - Confusing Touch                Hexes                        1
   b - Animate Skeleton               Necromancy                   1
   c - Summon Small Mammal            Summoning                    1
   d - Apportation                    Translocation                1
Comestibles
 b - 4 rations


   Skills:
 - Level 3.2 Fighting
 - Level 2.4 Dodging
 - Level 2.1 Stealth
 + Level 6.0 Unarmed Combat


You had 4 spell levels left.
You didn't know any spells.

Dungeon Overview and Level Annotations

Branches:
Dungeon (4/15)
 Temple: D:4-7

Altars:
Nemelex Xobeh

Portals:
Sewer: D:4

Annotations:
D:3 Sigmund


Innate Abilities, Weirdness & Mutations

You are resistant to torment.
Your stone body is resilient. (AC +4)
You are immune to poison.
You resist negative energy. (rN+)
You are resistant to electric shocks. (rElec)
You can survive without breathing.
You are immune to petrification.
You are immune to rotting.


Message History

You enter the shallow water.
Moving in this stuff is going to be slow.
The worm bites you but does no damage.
You see here a river rat corpse.
You hit the worm but do no damage. The worm bites you!
* * * LOW HITPOINT WARNING * * *
You barely miss the worm. You hit the worm but do no damage.
The worm closely misses you.
You hit the worm.
The worm is lightly wounded.
You hit the worm.
The worm is moderately wounded.
The worm bites you.
* * * LOW HITPOINT WARNING * * *
You hit the worm but do no damage.
The worm is moderately wounded.
You punch the worm!
The worm is severely wounded.
The worm bites you!
You die...

*,,**,,**,,,,** *,,* *,,
**,,,,*****,,** **,,* *,, **,,,,*
*#.,#####*,,,* *,, *,,,,,*
*.,,....,,##* **,, *,,#.,*
##......,..###*** *,*, *..#..*
#..##...,≈....,,***,*, ,..#..*
##...#.#*≈≈.≈≈#*,**,,*, ,.....#*
##......##≈≈.≈≈#*≈,,,,,*
**#....###......@†≈.....≈≈,,,,,,*
**#.........##.w≈.....≈≈,,,,,**
*#...........≈≈..∩..≈≈,,,,,*
*#..........≈≈.....≈≈,***,*
##..<.#####.≈≈...≈.≈≈,***,**
###.....# #.##≈≈≈≈≈#*,**,,,*
##.......# #.#*≈≈≈≈≈#*,,,,,,,
##........#* #..,......,,,,,,,*
##..........#**###,,....,,,,,,,,*


You could see a worm.

Vanquished Creatures
  Jessica (D:2)
  6 adders
  A river rat (D:4)
  An ooze (D:3)
  A worm (D:2)
  A dart slug (D:1)
  2 leopard geckos
  7 orcs (D:3)
  8 bats
  4 giant cockroaches
  6 hobgoblins
  2 quokkas (D:3)
  4 frilled lizards
  10 goblins
  6 kobolds
  2 rats
62 creatures vanquished.

Notes
Turn   | Place    | Note
-------+----------+-------------------------------------------
     0 | D:1      | pkoi the Gargoyle Monk began the quest for the Orb.
     0 | D:1      | Reached XP level 1. HP: 14/14 MP: 1/1
   226 | D:1      | Reached XP level 2. HP: 17/19 MP: 2/2
   559 | D:1      | Reached skill level 4 in Unarmed Combat
  1053 | D:2      | Reached XP level 3. HP: 23/23 MP: 3/3
  1150 | D:2      | Noticed Jessica
  1156 | D:2      | Killed Jessica
  1189 | D:2      | Reached XP level 4. HP: 26/28 MP: 4/4
  1205 | D:2      | Found a sparkling altar of Nemelex Xobeh.
  1345 | D:2      | Reached skill level 5 in Unarmed Combat
  2071 | D:3      | Reached XP level 5. HP: 32/32 MP: 5/5
  2429 | D:3      | Noticed Sigmund
  2877 | D:4      | Found a glowing drain.
  2900 | D:4      | Reached skill level 6 in Unarmed Combat
  2909 | D:4      | Slain by a worm

Skill      XL: |  1  2  3  4  5 |
---------------+----------------+-----
Unarmed Combat | 4 5 6 |  6.0
Fighting       | |  3.2
Dodging        | |  2.4
Stealth        | |  2.1

Action                   |  1- 3 |  4- 6 || total
-------------------------+-------+-------++-------
Melee: Unarmed           |    86 |   138 ||   224
       Punch             |     2 |     2 ||     4
  Use: Scroll            |       |     5 ||     5
 Stab: Sleeping          |     3 |     3 ||     6
  Eat: Chunk             |     1 |     4 ||     5
Armor: Robe              |    32 |    41 ||    73
Dodge: Dodged            |    54 |    74 ||   128
